 Dungeon Crawl Stone Soup version 0.31.0-10-gcf4a605ca0 (webtiles) character file.

Game seed: 10650490922020433810

24 Khashishi the Caller (level 3, -6/26 HPs)
             Began as a Ghoul Summoner on Jan 25, 2024.
             Killed by divine providence
             ... invoked by an orc priest
              (11 damage)
             ... on level 7 of the Dungeon.
             The game lasted 00:06:28 (884 turns).

Khashishi the Caller (Ghoul Summoner)                Turns: 884, Time: 00:06:28

Health: -6/26      AC:  2    Str: 11    XL:     3   Next: 2%
Magic:  1/5        EV: 12    Int: 16    God:
Gold:   56         SH:  0    Dex:  9    Spells: 2/5 levels left

rFire   . . .        (no weapon)
rCold   + . .        (no shield)
rNeg    + + +        a - +0 robe
rPois   ∞            (no helmet)
rElec   .            (no cloak)
rCorr   .            (no gloves)
SInv    .            (no boots)
Will    .....        (no amulet)
Stlth   ++           (no ring)
HPRegen 0.00/turn    (no ring)
MPRegen 0.09/turn

%: no passive effects
@: mesmerised, inhibited regen
A: claws 1, cold resistance 1, negative energy resistance 3, inhibited
regeneration, torment resistance 2, devour on kill
a: no special abilities


You were on level 7 of the Dungeon.
You visited 1 branch of the dungeon, and saw 5 of its levels.

You collected 56 gold pieces.

Inventory:

Armour
 a - a +0 robe (worn)
Scrolls
 c - a scroll of poison {unknown}
 e - a scroll of enchant weapon {unknown}
 f - a scroll of identify {unknown}
 g - a scroll of vulnerability {unknown}
Potions
 b - a potion of magic
 d - a potion of haste {unknown}
 h - a potion of invisibility {unknown}
 i - a potion of enlightenment {unknown}
 j - a potion of curing {unknown}


   Skills:
 - Level 1.7 Dodging
 - Level 2.1 Stealth
 - Level 1.7 Spellcasting
 + Level 4.4 Summonings


You had 2 spell levels left.
You knew the following spells:

 Your Spells              Type           Power      Damage    Failure   Level
a - Summon Small Mammal   Summ           60%        N/A       3%          1
b - Call Imp              Summ           30%        N/A       5%          2

Your spell library contained the following spells:

 Spells                   Type           Power      Damage    Failure   Level
 Shock                    Conj/Air       4%         1d3       22%         1
 Call Canine Familiar     Summ           15%        N/A       11%         3
 Swiftness                Air            1%         N/A       54%         3
 Summon Blazeheart Golem  Fire/Summ      8%         N/A       63%         4
 Summon Lightning Spire   Summ/Air       8%         N/A       63%         4
 Airstrike                Air            0%         2d(1-17)  91%         4


Dungeon Overview and Level Annotations

Branches:
Dungeon (7/15)
 Temple: D:4-7

Altars:

Annotations:
D:7 Maggie


Innate Abilities, Weirdness & Mutations

You are immune to poison.
You have sharp fingernails.
Your flesh is cold resistant. (rC+)
You are immune to negative energy. (rN+++)
You do not regenerate when monsters are visible.
You are immune to unholy pain and torment.
You thrive by killing the living.


Message History

The orc hits you from afar with a +0 trident.
A shadow imp comes into view.
Maggie mumbles some strange words.
Maggie draws you further into her thrall.
You completely miss the orc. You claw the orc, but do no damage.
The orc is almost dead.
Your cerulean imp hits the orc but does no damage.
The orc hits your cerulean imp but does no damage.
The orc misses you.
Maggie says, "Leave now, and tell all of Margery's mercy!"
You scratch the orc but do no damage.
The orc is almost dead.
Your cerulean imp closely misses the orc.
The orc barely misses you. x2
Maggie casts a spell.
Maggie draws you further into her thrall.
You scratch the orc but do no damage.
The orc is almost dead.
Your cerulean imp hits the orc but does no damage.
The orc misses you.
The orc hits you from afar with a +0 trident.
The orc priest invokes the aid of Beogh against you.
Beogh smites you!
* * * LOW HITPOINT WARNING * * *
Okay, then.
Okay, then.
You scratch the orc but do no damage.
The orc is almost dead.
Your cerulean imp hits the orc but does no damage.
The orc hits you with a +0 dagger.
* * * LOW HITPOINT WARNING * * *
The orc barely misses you.
You scratch the orc but do no damage.
The orc is almost dead.
Your cerulean imp hits the orc with a -3 spear.
The orc dies!
The orc barely misses you.
The orc priest calls down the wrath of Beogh upon you.
Beogh smites you!
You die...

#.# #.#### .....# ##+##
#.##.# ##...## ..##.#
##.....## ##.#.#
##.......##
#....###........5####...
.......'........))oo@...
.....###........@####...
##.### ##.......## ####
##.....## ..# ##...##
#.# ##+## ..# .## .# .#


You could see Maggie (mesmerising), an orc priest, an orc and a friendly
cerulean imp (summoned).

Vanquished Creatures
  2 dart slugs
  An endoplasm (D:1)
  A hobgoblin (D:1)
  A kobold (D:1)
  A quokka (D:1)
  3 frilled lizards (D:1)
9 creatures vanquished.

Vanquished Creatures (collateral kills)
  3 orcs (D:7)
  4 ball pythons
  A frilled lizard (D:1)
  A kobold (D:1)
  A rat (D:2)
10 creatures vanquished.

Grand Total: 19 creatures vanquished

Notes
Turn   | Place    | Note
-------+----------+-------------------------------------------
     0 | D:1      | Khashishi the Ghoul Summoner began the quest for the Orb.
     0 | D:1      | Reached XP level 1. HP: 14/14 MP: 3/3
   115 | D:1      | Reached skill level 4 in Summonings
   115 | D:1      | Reached XP level 2. HP: 14/20 MP: 1/4
   121 | D:1      | Learned a level 2 spell: Call Imp
   752 | D:3      | You fall into a shaft and drop 3 floors!
   763 | D:6      | Noticed an ogre
   799 | D:7      | Noticed a phantom
   823 | D:7      | Noticed a centaur
   876 | D:7      | Noticed Maggie
   878 | D:7      | Reached XP level 3. HP: 23/26 MP: 0/5
   884 | D:7      | Killed from afar by an orc priest

Illustrated notes

Levels and vault maps discovered:
D:1:      amcnicky_arrival_single_pillar, layout_rooms
D:2:      layout_basic
D:3:      layout_loops_corners, shapermc_ecumenical_altar_mp_highgroup,
          kennysheep_generic_room_15
D:6:      layout_loops_ring, nicolae_overflow_hidden_temple
D:7:      layout_loops_corners, minmay_temple_entry_nine_rooms, uniq_maggie,
          uniq_menkaure, uniq_jeremiah

Skill      XL: |  1 |
---------------+----+-----
Summonings     | 4 |  4.4
Dodging        | |  1.7
Stealth        | |  2.1
Spellcasting   | |  1.7

Action                     || total
---------------------------++-------
  Melee: Unarmed           ||    39
         Punch             ||     1
   Cast: Summon Small Mamm ||    17
         Call Imp          ||     8
 Armour: Robe              ||    19
  Dodge: Dodged            ||    27
